 Dungeon Crawl Stone Soup version 0.21.1-1-g345015f (webtiles) character file.

20759 kae the Martial Artist (level 12, -32/110 HPs)
             Began as a Gnoll Transmuter on May 31, 2018.
             Was a High Priest of Okawaru.
             Annihilated by Rupert
             ... wielding a +1 vampiric great sword
              (34 damage)
             ... on level 3 of the Lair of Beasts.
             The game lasted 00:16:27 (15391 turns).

kae the Martial Artist (Gnoll Transmuter)          Turns: 15391, Time: 00:16:27

Health: -32/110    AC:  7    Str: 14    XL:     12   Next: 82%
Magic:  21/25      EV: 21    Int: 16    God:    Okawaru [*****.]
Gold:   842        SH:  0    Dex: 19    Spells: 14/29 levels left

rFire    x . .     SeeInvis .     - Unarmed
rCold    + + +     Gourm    .   (shield currently unavailable)
rNeg     . . .     Faith    .   (armour currently unavailable)
rPois    +         Spirit   .   (helmet currently unavailable)
rElec    .         Reflect  .   (cloak currently unavailable)
rCorr    .         Harm     .   (gloves currently unavailable)
MR       +....                  (boots currently unavailable)
Stlth    +++++.....             (no amulet)
HPRegen  0.28/turn              h - ring of protection from magic
MPRegen  0.19/turn              o - +3 ring of slaying

@: about to teleport, ice-form, heroism
A: large, distributed training, strong nose
a: End Transformation, Heroism, Finesse, Renounce Religion


You were on level 3 of the Lair of Beasts.
You worshipped Okawaru.
Okawaru was extremely pleased with you.
You were not hungry.
You were a creature of crystalline ice.
You visited 2 branches of the dungeon, and saw 14 of its levels.

You collected 842 gold pieces.

Inventory:

Hand Weapons
 a - a +2 mace of holy wrath
 b - a cursed +5 scimitar of freezing (melded)
Missiles
 g - 193 arrows
Armour
 i - a scarf of cloud immunity (melded)
 n - a +2 buckler of protection (melded)
 r - the cursed +1 chain mail of Brilliance {rF+}
   (You found it on level 4 of the Dungeon)

   It protects you from fire.
   It has a curse placed upon it.
 y - a +2 hat of magic resistance (melded)
 E - a +0 troll leather armour (melded)
 J - a +0 pair of gloves of dexterity (melded)
Jewellery
 h - a ring of protection from magic (left front paw)
 o - a +3 ring of slaying (right front paw)
 q - an uncursed ring of resist corrosion
Wands
 e - a wand of enslavement (12)
 j - a wand of paralysis (18)
 p - a wand of disintegration (4)
 D - a wand of polymorph (17)
 K - a wand of acid (6)
Scrolls
 f - 5 scrolls of remove curse
 l - 8 scrolls of identify
 t - 3 scrolls of amnesia
 x - 5 scrolls of enchant armour
 B - 2 scrolls of vulnerability
 F - 2 scrolls of teleportation
 G - a scroll of magic mapping {unknown}
 I - a scroll of enchant weapon
Potions
 k - 4 potions of flight
 m - 2 potions of ambrosia
 s - 2 potions of brilliance
 u - 4 potions of curing
 v - 2 potions of resistance
 w - a potion of invisibility {unknown}
 z - a potion of magic
 A - 3 potions of might
 C - 4 potions of berserk rage
 H - 2 potions of mutation
Books
 c - a book of Changes

   Spells                             Type                      Level
   a - Beastly Appendage              Transmutation                1
   b - Sticks to Snakes               Transmutation                2
   c - Spider Form                    Transmutation/Poison         3
   d - Ice Form                       Ice/Transmutation            4
   e - Blade Hands                    Transmutation                5
Comestibles
 d - 23 rations
 L - 6 chunks of flesh


   Skills:
 + Level 8.0(13.0) Fighting
 + Level 7.5(12.5) Short Blades
 + Level 7.5(12.5) Long Blades
 + Level 7.5(12.5) Axes
 + Level 7.5(12.5) Maces & Flails
 + Level 7.5(12.5) Polearms
 + Level 7.5(12.5) Staves
 + Level 7.5(12.5) Slings
 + Level 7.5(12.5) Bows
 + Level 7.5(12.5) Crossbows
 + Level 7.5(12.5) Throwing
 + Level 7.5(12.5) Armour
 + Level 8.9(13.9) Dodging
 + Level 7.5(12.5) Stealth
 + Level 7.5(12.5) Shields
 + Level 10.0(15.0) Unarmed Combat
 + Level 9.1 Spellcasting
 + Level 6.2 Conjurations
 + Level 6.2 Hexes
 + Level 6.2 Charms
 + Level 6.2 Summonings
 + Level 6.2 Necromancy
 + Level 6.2 Translocations
 + Level 7.4 Transmutations
 + Level 6.2 Fire Magic
 + Level 6.2 Ice Magic
 + Level 6.2 Air Magic
 + Level 6.2 Earth Magic
 + Level 6.2 Poison Magic
 + Level 8.2 Invocations
 + Level 7.5 Evocations


You had 14 spell levels left.
You knew the following spells:

 Your Spells              Type           Power        Failure   Level  Hunger
a - Beastly Appendage     Tmut           ####..       1%          1    None
b - Sticks to Snakes      Tmut           ####....     1%          2    None
c - Spider Form           Tmut/Pois      ####......   1%          3    #......
d - Blade Hands           Tmut           ####......   13%         5    #####..
e - Ice Form              Ice/Tmut       ####....     6%          4    ###....


Dungeon Overview and Level Annotations

Branches:
Dungeon (11/15)            Temple (0/1) D:7            Lair (3/6) D:10
  Swamp (0/4) Lair:2        Snake (0/4) Lair:3
    Orc: D:9-12

Altars:
Dithmenos
Elyvilon
Okawaru
Ru
Sif Muna
Trog
Xom
Yredelemnul

Annotations:
D:3 exclusion: ice beast
D:11 exclusion: hydra
Lair:3 Rupert


Innate Abilities, Weirdness & Mutations

Your experience applies equally to all skills.
((You have very sharp teeth.))
Your uncanny sense of smell can sniff out nearby items.


Message History

* * * LOW HITPOINT WARNING * * *
Rupert hits you with a vampiric great sword!!
* * * LOW HITPOINT WARNING * * *
Rupert draws strength from your wounds!
You can move again.
Unknown command.
Unknown command.
Unknown command.
Unknown command.
Okay, then.
Okay, then.
Okay, then.
Unknown command.
Evoke which item? (* to show all) (? for menu, Esc to quit)
You have no means to grasp a wand firmly enough.
Unknown command.
As you read the scroll of teleportation, it crumbles to dust.
You feel strangely unstable.
Rupert hits you with a vampiric great sword!!
You die...

......##.## ##...#.#..
....#. ###.. #....#....
..#.## P. ###....... .##
#. ###....... ##.
#......... #..
#......... #..
##..#...... #@###
###..##...... ##.YP#
#.....#......
#....###..####......
#...#....## #......
...........P# #......
...........## ###.....
.....##.....#####.#.....
#..## ###....#P#........
##. #P.#..............
#P........#.P.##...


You could see Rupert (berserk).

Vanquished Creatures
  Gastronok (D:9)
  3 hydras
  3 two-headed ogres
  A black mamba (Lair:1)
  2 gargoyles (D:10)
  8 spiny frogs
  5 komodo dragons
  A troll (D:10)
  A hornet (D:10)
  5 hippogriffs
  A spriggan (D:7)
  A shadow (D:11)
  2 basilisks
  2 steam dragons
  11 yaks
  2 hungry ghosts
  Menkaure (D:6)
  Edmund (D:6)
  A naga (Lair:3)
  3 water moccasins
  6 porcupines
  4 sky beasts
  2 orc warriors
  3 phantoms
  2 slaves
  5 ogres
  6 wolves (Lair:3)
  6 centaurs
  8 crocodiles
  A big kobold (D:7)
  8 bullfrogs
  A gnoll sergeant (D:10)
  2 scorpions (D:4)
  A water moccasin skeleton (D:7)
  3 wights (D:6)
  5 howler monkeys
  7 electric eels (D:8)
  A crimson imp (D:8)
  3 bullfrog zombies
  2 jellies (D:9)
  2 hounds
  12 orc wizards
  7 orc priests
  A bullfrog skeleton (D:9)
  3 centaur skeletons
  An iguana (D:9)
  7 worker ants
  A hound skeleton (D:10)
  10 gnolls
  14 adders
  3 shadow imps
  An ooze (D:1)
  2 adder skeletons
  An adder zombie (D:9)
  3 worms (D:2)
  2 dart slugs
  8 leopard geckos
  29 orcs
  8 bats
  9 giant cockroaches
  9 goblins
  6 hobgoblins
  5 jackals
  2 quokkas
  4 frilled lizards
  12 kobolds
  11 rats
  A fungus (D:1)
305 creatures vanquished.

Vanquished Creatures (collateral kills)
  A phantom (D:6)
1 creature vanquished.

Vanquished Creatures (others)
  A fungus (Lair:2)
1 creature vanquished.

Grand Total: 307 creatures vanquished

Notes
Turn   | Place    | Note
-------+----------+-------------------------------------------
     0 | D:1      | kae the Gnoll Transmuter began the quest for the Orb.
     0 | D:1      | Reached XP level 1. HP: 17/17 MP: 6/6
   135 | D:1      | Reached XP level 2. HP: 19/23 MP: 7/7
   175 | D:1      | Learned a level 2 spell: Sticks to Snakes
   356 | D:1      | Reached XP level 3. HP: 28/28 MP: 7/9
   378 | D:1      | Learned a level 3 spell: Spider Form
   388 | D:1      | Reached skill level 5 in Spellcasting
  1073 | D:2      | Reached skill level 1 in Invocations
  1097 | D:2      | Reached skill level 1 in Short Blades
  1097 | D:2      | Reached skill level 1 in Long Blades
  1097 | D:2      | Reached skill level 1 in Axes
  1097 | D:2      | Reached skill level 1 in Maces & Flails
  1097 | D:2      | Reached skill level 1 in Polearms
  1097 | D:2      | Reached skill level 1 in Staves
  1097 | D:2      | Reached skill level 1 in Slings
  1097 | D:2      | Reached skill level 1 in Bows
  1097 | D:2      | Reached skill level 1 in Crossbows
  1097 | D:2      | Reached skill level 1 in Throwing
  1097 | D:2      | Reached skill level 1 in Armour
  1097 | D:2      | Reached skill level 1 in Stealth
  1097 | D:2      | Reached skill level 1 in Shields
  1097 | D:2      | Reached skill level 1 in Evocations
  1161 | D:2      | Reached XP level 4. HP: 34/34 MP: 8/11
  1473 | D:2      | Found a faded altar of an unknown god.
  1632 | D:2      | Noticed a phantom
  1673 | D:2      | Killed a phantom
  1673 | D:2      | Reached skill level 1 in Conjurations
  1673 | D:2      | Reached skill level 1 in Hexes
  1673 | D:2      | Reached skill level 1 in Charms
  1673 | D:2      | Reached skill level 1 in Summonings
  1673 | D:2      | Reached skill level 1 in Necromancy
  1673 | D:2      | Reached skill level 1 in Translocations
  1673 | D:2      | Reached skill level 1 in Fire Magic
  1673 | D:2      | Reached skill level 1 in Ice Magic
  1673 | D:2      | Reached skill level 1 in Air Magic
  1673 | D:2      | Reached skill level 1 in Earth Magic
  1673 | D:2      | Reached skill level 1 in Poison Magic
  1673 | D:2      | Reached XP level 5. HP: 11/41 MP: 12/12
  2468 | D:3      | Noticed an ice beast
  2941 | D:3      | Found a glowing drain.
  2976 | D:3      | Reached XP level 6. HP: 28/47 MP: 13/13
  3544 | D:4      | Noticed a phantom
  3581 | D:4      | Killed a phantom
  3581 | D:4      | Reached skill level 5 in Dodging
  3718 | D:4      | Reached XP level 7. HP: 35/52 MP: 15/15
  3811 | D:4      | Reached skill level 7 in Unarmed Combat
  4362 | D:4      | Got a fine chain mail
  4381 | D:5      | Entered Level 5 of the Dungeon
  4418 | D:5      | Found a shimmering altar of Xom.
  4566 | D:5      | Found a shimmering altar of Xom.
  4567 | D:5      | Found a shimmering altar of Xom.
  4605 | D:5      | HP: 2/53 [orc wizard/puff of flame (12)]
  4614 | D:5      | Reached XP level 8. HP: 20/60 MP: 9/16
  4983 | D:5      | Found a basalt altar of Yredelemnul.
  5104 | D:5      | Found a shimmering altar of Xom.
  5114 | D:5      | Found a shimmering altar of Xom.
  5116 | D:5      | Found a shimmering altar of Xom.
  5116 | D:5      | Found a shimmering altar of Xom.
  5150 | D:5      | Found an iron altar of Okawaru.
  5153 | D:5      | Found a bloodstained altar of Trog.
  5156 | D:5      | Found a deep blue altar of Sif Muna.
  5170 | D:5      | Found a sacrificial altar of Ru.
  5302 | D:5      | Became a worshipper of Warmaster Okawaru
  5622 | D:6      | Identified the cursed +1 chain mail of Brilliance {rF+} (You found it on level 4 of the Dungeon)
  5735 | D:6      | Noticed Menkaure
  6001 | D:6      | Killed Menkaure
  6053 | D:6      | Noticed Edmund
  6066 | D:6      | Killed Edmund
  6066 | D:6      | Reached * piety under Okawaru
  6126 | D:6      | Reached XP level 9. HP: 22/66 MP: 12/18
  6732 | D:6      | Reached skill level 5 in Transmutations
  6901 | D:7      | Reached ** piety under Okawaru
  7046 | D:7      | Reached skill level 5 in Fighting
  7277 | D:7      | Found a staircase to the Ecumenical Temple.
  7429 | D:7      | Reached skill level 8 in Unarmed Combat
  7456 | D:7      | Found a white marble altar of Elyvilon.
  7694 | D:8      | Noticed a two-headed ogre
  7707 | D:8      | Killed a two-headed ogre
  7707 | D:8      | Reached skill level 5 in Invocations
  7707 | D:8      | Reached XP level 10. HP: 63/74 MP: 17/20
  8614 | D:8      | Reached skill level 5 in Short Blades
  8614 | D:8      | Reached skill level 5 in Long Blades
  8614 | D:8      | Reached skill level 5 in Axes
  8614 | D:8      | Reached skill level 5 in Maces & Flails
  8614 | D:8      | Reached skill level 5 in Polearms
  8614 | D:8      | Reached skill level 5 in Staves
  8614 | D:8      | Reached skill level 5 in Slings
  8614 | D:8      | Reached skill level 5 in Bows
  8614 | D:8      | Reached skill level 5 in Crossbows
  8614 | D:8      | Reached skill level 5 in Throwing
  8614 | D:8      | Reached skill level 5 in Armour
  8614 | D:8      | Reached skill level 5 in Stealth
  8614 | D:8      | Reached skill level 5 in Shields
  8614 | D:8      | Reached skill level 5 in Evocations
  8622 | D:8      | Reached *** piety under Okawaru
  9050 | D:8      | Received a gift from Okawaru
  9238 | D:9      | Noticed Gastronok
  9636 | D:9      | Learned a level 5 spell: Blade Hands
  9641 | D:9      | Learned a level 4 spell: Ice Form
 10033 | D:9      | Killed Gastronok
 10033 | D:9      | Reached **** piety under Okawaru
 10174 | D:9      | Received a gift from Okawaru
 10234 | D:9      | Noticed a two-headed ogre
 10300 | D:9      | Killed a two-headed ogre
 10300 | D:9      | Reached XP level 11. HP: 60/83 MP: 16/22
 10333 | D:9      | Found a shadowy altar of Dithmenos.
 10778 | D:9      | Noticed a two-headed ogre
 10785 | D:9      | Killed a two-headed ogre
 10785 | D:9      | Reached skill level 9 in Unarmed Combat
 10950 | D:10     | Entered Level 10 of the Dungeon
 11000 | D:10     | Reached skill level 5 in Conjurations
 11000 | D:10     | Reached skill level 5 in Hexes
 11000 | D:10     | Reached skill level 5 in Charms
 11000 | D:10     | Reached skill level 5 in Summonings
 11000 | D:10     | Reached skill level 5 in Necromancy
 11000 | D:10     | Reached skill level 5 in Translocations
 11000 | D:10     | Reached skill level 5 in Fire Magic
 11000 | D:10     | Reached skill level 5 in Ice Magic
 11000 | D:10     | Reached skill level 5 in Air Magic
 11000 | D:10     | Reached skill level 5 in Earth Magic
 11000 | D:10     | Reached skill level 5 in Poison Magic
 11014 | D:10     | Reached ***** piety under Okawaru
 11014 | D:10     | Received a gift from Okawaru
 11094 | D:10     | You fall through a shaft!
 11449 | D:11     | Noticed a five-headed hydra
 11883 | D:10     | Found a staircase to the Lair.
 11905 | D:10     | Received a gift from Okawaru
 11986 | D:10     | Noticed a five-headed hydra
 12017 | D:10     | Killed a five-headed hydra
 12300 | D:10     | Reached XP level 12. HP: 47/91 MP: 18/24
 12919 | Lair:1   | Entered Level 1 of the Lair of Beasts
 12990 | Lair:1   | Noticed a six-headed hydra
 12997 | Lair:1   | Killed a six-headed hydra
 13730 | Lair:1   | Noticed a seven-headed hydra
 13740 | Lair:1   | Killed a seven-headed hydra
 13740 | Lair:1   | Received a gift from Okawaru
 14228 | Lair:2   | Found a staircase to the Swamp.
 14696 | Lair:2   | Reached skill level 10 in Unarmed Combat
 15283 | Lair:3   | Found a staircase to the Snake Pit.
 15374 | Lair:3   | Noticed Rupert
 15374 | Lair:3   | Paralysed by Rupert for 2 turns
 15383 | Lair:3   | Paralysed by Rupert for 7 turns
 15390 | Lair:3   | HP: 2/110 [Rupert/vampiric great sword (30)]
 15391 | Lair:3   | Annihilated by Rupert

Skill      XL: |  1  2  3  4  5  6  7  8  9 10 11 12 |
---------------+-------------------------------------+-----
Spellcasting   | 5 6 7 8 9 |  9.1
Invocations    | 1 2 3 4 5 6 7 8 |  8.2
Short Blades   | 1 2 3 4 5 6 7 |  7.5
Long Blades    | 1 2 3 4 5 6 7 |  7.5
Axes           | 1 2 3 4 5 6 7 |  7.5
Maces & Flails | 1 2 3 4 5 6 7 |  7.5
Polearms       | 1 2 3 4 5 6 7 |  7.5
Staves         | 1 2 3 4 5 6 7 |  7.5
Slings         | 1 2 3 4 5 6 7 |  7.5
Bows           | 1 2 3 4 5 6 7 |  7.5
Crossbows      | 1 2 3 4 5 6 7 |  7.5
Throwing       | 1 2 3 4 5 6 7 |  7.5
Armour         | 1 2 3 4 5 6 7 |  7.5
Stealth        | 1 2 3 4 5 6 7 |  7.5
Shields        | 1 2 3 4 5 6 7 |  7.5
Evocations     | 1 2 3 4 5 6 7 |  7.5
Fighting       | 3 4 5 6 7 8 |  8.0
Conjurations   | 1 2 3 4 5 6 |  6.2
Hexes          | 1 2 3 4 5 6 |  6.2
Charms         | 1 2 3 4 5 6 |  6.2
Summonings     | 1 2 3 4 5 6 |  6.2
Necromancy     | 1 2 3 4 5 6 |  6.2
Translocations | 1 2 3 4 5 6 |  6.2
Transmutations | 4 5 6 7 |  7.4
Fire Magic     | 1 2 3 4 5 6 |  6.2
Ice Magic      | 1 2 3 4 5 6 |  6.2
Air Magic      | 1 2 3 4 5 6 |  6.2
Earth Magic    | 1 2 3 4 5 6 |  6.2
Poison Magic   | 1 2 3 4 5 6 |  6.2
Dodging        | 5 6 7 8 |  8.9
Unarmed Combat | 7 8 9 10 | 10.0

Action                   |  1- 3 |  4- 6 |  7- 9 | 10-12 || total
-------------------------+-------+-------+-------+-------++-------
Melee: Unarmed           |    74 |    74 |   177 |   303 ||   628
       Kick              |     4 |    11 |       |       ||    15
       Headbutt          |     4 |    12 |       |     5 ||    21
       Bite              |     4 |    12 |     9 |    25 ||    50
       Punch             |     2 |     5 |     1 |     3 ||    11
       Mace              |       |    81 |    39 |       ||   120
       Scimitar          |       |       |    19 |    93 ||   112
 Cast: Beastly Appendage |    12 |    20 |       |     2 ||    34
       Sticks to Snakes  |     2 |     3 |     4 |       ||     9
       Spider Form       |       |       |    34 |    16 ||    50
       Blade Hands       |       |       |       |     9 ||     9
       Ice Form          |       |       |       |    17 ||    17
Invok: Heroism           |       |       |       |    13 ||    13
  Use: Potion            |       |     1 |     5 |     1 ||     7
       Scroll            |       |     9 |     7 |    11 ||    27
 Stab: Sleeping          |     2 |     5 |     4 |    12 ||    23
       Distracted        |       |       |     1 |     1 ||     2
  Eat: Chunk             |     1 |     6 |    10 |    25 ||    42
       Ration            |       |       |     2 |     2 ||     4
Armor: Robe              |     8 |    16 |    14 |    10 ||    48
       Skin              |       |     2 |     8 |    21 ||    31
       Troll leather arm |       |       |       |    10 ||    10
Dodge: Dodged            |    39 |   117 |   220 |   339 ||   715
Block: Buckler           |       |       |       |    13 ||    13
       Rpst.: Scimitar   |       |       |     5 |    35 ||    40
